 Dungeon Crawl Stone Soup version 0.27-a0-1347-gd8886f0a89 (webtiles) character file.

Game seed: 3527359730069807147

3927 mandarbmax the Fighter (level 10, -8/104 (113) HPs)
             Began as an Ogre Berserker on June 27, 2021.
             Was a Priest of Trog.
             Mangled by a death yak (27 damage)
             ... on level 9 of the Dungeon.
             The game lasted 00:20:49 (9503 turns).

mandarbmax the Fighter (Ogre Berserker)             Turns: 9503, Time: 00:20:49

HP:   -8/104 (113)  AC:  3    Str: 29    XL:     10   Next: 21%
MP:   10/10         EV:  5    Int:  8    God:    Trog [***...]
Gold: 92            SH: 13    Dex: 11    Spells: 9/9 levels left

rFire    . . .     SeeInvis .   q - +2 flail (venom)
rCold    + . .     Faith    .   g - +0 tower shield
rNeg     . . .     Spirit   .   b - +0 animal skin
rPois    .         Reflect  .   (helmet restricted)
rElec    .         Harm     .   d - scarf {+Inv}
rCorr    .         Rampage  .   (gloves unavailable)
Will     +++..                  (boots unavailable)
Stlth    +.........             n - amulet of regeneration
HPRegen  2.27/turn              a - +6 ring of strength
MPRegen  0.12/turn              x - ring of protection from cold

@: strong-willed, on berserk cooldown, regenerating, studying Fighting, drained
A: large, unfitting armour, tough skin 1
a: Renounce Religion, Evoke Invisibility, Berserk, Trog's Hand


You were on level 9 of the Dungeon.
You worshipped Trog.
Trog was most pleased with you.
You visited 1 branch of the dungeon, and saw 9 of its levels.

You collected 436 gold pieces.
You spent 344 gold pieces at shops.

Inventory:

Hand Weapons
 m - a +1 flail of draining
 q - a +2 flail of venom (weapon)
Missiles
 k - 2 boomerangs of dispersal
 u - 24 poisoned darts (quivered)
Armour
 b - a +0 animal skin (worn)
 d - a scarf of invisibility (worn)
 g - a +0 tower shield (worn)
Jewellery
 a - a +6 ring of strength (left hand)
 n - an amulet of regeneration (around neck)
 x - a ring of protection from cold (right hand)
Wands
 j - a wand of flame (18)
 l - a wand of iceblast (7)
 p - a wand of polymorph (2)
 t - a wand of digging (8)
 y - a wand of charming (10)
Scrolls
 e - a scroll of blinking
 h - a scroll of immolation
 o - 3 scrolls of teleportation
 s - a scroll of magic mapping {unknown}
Potions
 c - 2 potions of invisibility
 f - 2 potions of cancellation
 i - a potion of flight
 v - a potion of mutation


   Skills:
 + Level 11.1 Fighting
 * Level 9.2 Maces & Flails
 + Level 3.5 Throwing
 - Level 3.0 Dodging
 + Level 5.8 Evocations


You had 9 spell levels left.
You didn't know any spells.
Your spell library contained the following spells:

 Spells                   Type           Power      Damage    Failure   Level
 Magic Dart               Conj           0%         1d3       100%        1
 Sting                    Tmut/Pois      0%         1d3       100%        1
 Summon Small Mammal      Summ           0%         N/A       100%        1
 Call Imp                 Summ           0%         N/A       100%        2
 Poisonous Vapours        Pois/Air       0%         N/A       100%        2
 Searing Ray              Conj           0%         3d3       100%        2
 Call Canine Familiar     Summ           0%         N/A       100%        3
 Dazzling Flash           Conj/Hex       0%         N/A       100%        3
 Ignite Poison            Fire/Tmut/Pois 0%         N/A       100%        3
 Mephitic Cloud           Conj/Pois/Air  0%         N/A       100%        3
 Summon Guardian Golem    Hex/Summ       0%         N/A       100%        3
 Fulminant Prism          Conj/Hex       0%         3d6       100%        4
 Iskenderun's Mystic Bla  Conj/Tloc      0%         2d3       100%        4
 Olgreb's Toxic Radiance  Pois           0%         N/A       100%        4
 Summon Ice Beast         Ice/Summ       0%         N/A       100%        4
 Summon Lightning Spire   Summ/Air       0%         N/A       100%        4


Dungeon Overview and Level Annotations

Branches:
Dungeon (9/15)             Temple (0/1) D:6
   Lair: D:8-11         Orc: D:9-12

Altars:
Qazlal
Xom

Shops:
D:8 *

Annotations:
D:9 spiderkeys's ghost, novice TrAK


Innate Abilities, Weirdness & Mutations

You are too large for most types of armour.
You have tough skin. (AC +1)


Message History

You start resting.
A death yak comes into view.
A death yak is nearby!
A death yak is nearby!
The death yak bellows!
You fail to use your ability.
You fail to use your ability.
The death yak closely misses you.
You fail to use your ability.
The death yak closely misses you.
You fail to use your ability.
The death yak gores you. You block the death yak's attack.
You fail to use your ability.
The death yak barely misses you.
You fail to use your ability.
The death yak gores you! You block the death yak's attack.
Okay, then.
Your skin crawls.
You feel strong-willed. You block the death yak's attack.
You hit the death yak but do no damage.
The death yak is poisoned.
You feel yourself speed up.
The death yak barely misses you. x2; The death yak gores you!
* * * LOW HITPOINT WARNING * * *
Unknown command.
You sock the death yak!
The death yak looks as sick as possible!
The death yak is moderately wounded.
You block the death yak's attack.
You sock the death yak!
The death yak looks as sick as possible!
The death yak is heavily wounded.
The death yak gores you!!
* * * LOW HITPOINT WARNING * * *
Unknown command.
You feel better. You block the death yak's attack.
You feel drained.
You fail to use your ability.
The death yak gores you!
* * * LOW HITPOINT WARNING * * *
Okay, then.
Your ogre goes berserk!
You can no longer call in reinforcements.
The death yak gores you!!
You die...

..(. #..# #.####)Y#
#.....))#####.#
######........# ##)#######
#.# #.#################
#.....Y@.O....(...#
#..##############'######
............# #≈≈≈≈≈≈.≈≈≈≈≈≈
#.###...###....#≈...........≈
#..... ###≈.....♣....)≈
##..... #≈.....♣.....≈ ##.###
#≈..♣..♣..♣..≈ #.#
#≈..♣..♣..♣..≈ #.
+...♣♣♣⌠♣♣♣...


You could see a death yak (extremely poisoned, ally target) and a friendly ogre
(summoned, berserk).

Vanquished Creatures
  A wyvern (D:9)
  4 yaks (D:8)
  A wraith (D:6)
  3 water moccasins
  2 orc warriors
  An ice beast (D:4)
  A sky beast (D:5)
  2 necrophages (D:5)
  3 phantoms
  3 kobold brigands
  3 bullfrogs
  2 wyvern zombies
  A gnoll sergeant (D:9)
  3 scorpions
  3 water moccasin skeletons
  2 electric eels (D:9)
  3 hounds
  2 jellies
  5 orc priests
  A centaur skeleton (D:5)
  3 iguanas
  A scorpion zombie (D:5)
  6 orc wizards
  A killer bee zombie (D:9)
  A hound skeleton (D:4)
  2 howler monkey zombies
  10 adders
  17 gnolls
  A howler monkey skeleton (D:6)
  A white imp (D:8)
  2 ufetubi
  2 worms
  A dart slug (D:3)
  27 orcs
  6 ball pythons
  3 endoplasms
  2 giant cockroaches
  5 hobgoblins
  9 jackals
  5 quokkas
  6 bats
  3 frilled lizards
  8 goblins
  12 kobolds
  4 rats
184 creatures vanquished.

Vanquished Creatures (others)
  2 plants (D:3)
2 creatures vanquished.

Grand Total: 186 creatures vanquished

Notes
Turn   | Place    | Note
-------+----------+-------------------------------------------
     0 | D:1      | mandarbmax the Ogre Berserker began the quest for the Orb.
     0 | D:1      | Reached XP level 1. HP: 24/24 MP: 1/1
   284 | D:1      | Reached XP level 2. HP: 32/32 MP: 2/2
  1063 | D:2      | Reached XP level 3. HP: 36/37 MP: 3/3
  1180 | D:2      | Reached skill level 1 in Evocations
  1593 | D:2      | Reached XP level 4. HP: 27/47 MP: 4/4
  1746 | D:2      | Found a faded altar of an unknown god.
  1874 | D:2      | Noticed a scorpion
  1879 | D:2      | Killed a scorpion
  1880 | D:2      | Reached skill level 5 in Fighting
  1880 | D:2      | Reached XP level 5. HP: 57/57 MP: 5/5
  2263 | D:2      | Reached ** piety under Trog
  2592 | D:3      | Reached XP level 6. HP: 66/66 MP: 6/6
  2938 | D:3      | Reached skill level 6 in Fighting
  3541 | D:3      | Found a shimmering altar of Xom.
  3541 | D:3      | Found a stormy altar of Qazlal.
  3943 | D:4      | Noticed an ice beast
  3957 | D:4      | Killed an ice beast
  4130 | D:4      | Reached XP level 7. HP: 71/76 MP: 7/7
  4986 | D:4      | Reached skill level 5 in Maces & Flails
  5224 | D:5      | Entered Level 5 of the Dungeon
  5519 | D:5      | Reached skill level 7 in Fighting
  5764 | D:5      | Reached XP level 8. HP: 87/87 MP: 8/8
  5764 | D:5      | Reached *** piety under Trog
  6574 | D:5      | Reached skill level 8 in Fighting
  7099 | D:5      | Reached XP level 9. HP: 62/90 MP: 9/9
  7301 | D:6      | Found a staircase to the Ecumenical Temple.
  7547 | D:7      | Identified a scroll of acquirement
  7547 | D:7      | Acquired a manual of Fighting
  7553 | D:7      | Reached skill level 9 in Fighting
  7561 | D:7      | Reached skill level 1 in Throwing
  7862 | D:7      | Reached skill level 5 in Evocations
  8240 | D:7      | Reached **** piety under Trog
  8594 | D:8      | Reached skill level 10 in Fighting
  8778 | D:8      | Reached XP level 10. HP: 109/111 MP: 10/10
  8807 | D:8      | Found Elagi's Island Escapes.
  8833 | D:8      | Bought a scroll of teleportation for 39 gold pieces
  8833 | D:8      | Bought 2 potions of invisibility for 208 gold pieces
  8833 | D:8      | Bought a scroll of blinking for 97 gold pieces
  8833 | D:8      | Identified the +5 robe of Anaesthesia {rF- Regen+ SInv
                  | Stlth-}
  9169 | D:9      | Noticed spiderkeys's ghost (novice TrAK)
  9373 | D:9      | Reached skill level 11 in Fighting
  9484 | D:9      | Noticed a death yak
  9503 | D:9      | Mangled by a death yak

Illustrated notes

Levels and vault maps discovered:
D:1:      eino_arrival_cavern_e, layout_loops_ring, kennysheep_doodads,
          minmay_misc_feat_enclosed
D:2:      layout_basic, ebering_ecumenical_altar_mist
D:3:      corexii_shack_village, layout_basic, gammafunk_temple_overflow_wave
D:4:      layout_loops_cross, amcnicky_mini_corridor_feature, minmay_distorted
D:5:      minmay_skewed_foursquare, layout_basic
D:6:      layout_basic, minmay_temple_entry_statues_fountains
D:7:      layout_rooms
D:8:      layout_rooms, nicolae_island_escapes
D:9:      layout_loops_corners, dpeg_lair_monsters, gammafunk_ghost_split,
          kennysheep_generic_room_16

Skill      XL: |  1  2  3  4  5  6  7  8  9 10 |
---------------+-------------------------------+-----
Dodging        | 3 |  3.0
Maces & Flails | 3 4 5 7 8 9 |  9.2
Evocations     | 1 2 3 4 5 |  5.8
Fighting       | 5 6 7 8 10 11 | 11.1
Throwing       | 2 3 |  3.5

Action                   |  1- 3 |  4- 6 |  7- 9 | 10-12 || total
-------------------------+-------+-------+-------+-------++-------
Melee: Mace              |    94 |    84 |       |       ||   178
       Flail             |       |    81 |   318 |    50 ||   449
       Unarmed           |       |       |     2 |       ||     2
Throw: Dart              |       |       |    21 |     4 ||    25
Invok: Berserk           |     3 |     6 |    15 |     4 ||    28
       Trog's Hand       |       |     1 |     1 |     1 ||     3
       Brothers in Arms  |       |       |       |     1 ||     1
 Abil: Evoke Invisibilit |     1 |       |     1 |       ||     2
Evoke: Wand              |       |       |     1 |     1 ||     2
  Use: Scroll            |       |       |    11 |     1 ||    12
       Potion            |       |       |     3 |     2 ||     5
 Stab: Sleeping          |       |     1 |       |       ||     1
       Invisible         |       |       |     3 |       ||     3
Armor: Animal skin       |    34 |    37 |    60 |     8 ||   139
Dodge: Dodged            |    49 |    47 |    80 |     9 ||   185
Block: Tower shield      |    13 |   118 |   281 |    40 ||   452

Table legend: (Time is in decaauts)
 A = Elapsed time spent in this place.
 B = Non-inter-level travel time spent in this place.
 C = Inter-level travel time spent in this place.
 D = Time resting spent in this place.
 E = Time spent auto-exploring this place.
 F = Levels seen in this place.
 G = Mean time per level.
                   A        B        C        D        E       F      G
               +--------+--------+--------+--------+--------+-----+--------+
         Total |  10133 |   9927 |    206 |   3205 |   5088 |   9 | 1125.9 |
       Dungeon |  10133 |   9927 |    206 |   3205 |   5088 |   9 | 1125.9 |
               +--------+--------+--------+--------+--------+-----+--------+

Top non-repeatable levels by time:
     D:5: 1643 daAuts
     D:3: 1583 daAuts
     D:2: 1511 daAuts
     D:4: 1368 daAuts
     D:1: 1074 daAuts
     D:7: 1030 daAuts
     D:6: 814 daAuts
     D:8: 680 daAuts
     D:9: 428 daAuts
